 Dungeon Crawl Stone Soup version 0.26-a0-597-gb535b0901c (webtiles) character file.

Game seed: 17505276184508750152

(classic levelgen) 142834 EnegeticOcto the Severer (level 16, -5/158 HPs)
             Began as a Deep Dwarf Fighter on Sept 2, 2020.
             Was the Champion of Makhleb.
             Killed by drain life
             ... invoked by a soul eater
              (7 damage)
             ... on level 3 of the Depths.
             The game lasted 00:17:00 (16947 turns).

EnegeticOcto the Severer (Deep Dwarf Fighter)      Turns: 16947, Time: 00:17:01

Health: -5/158     AC: 24    Str: 24    XL:     16   Next: 17%
Magic:  3/4        EV:  9    Int: 10    God:    Makhleb [******]
Gold:   200        SH: 26    Dex: 18    Spells: 15/15 levels left

rFire    + + .     SeeInvis +   a - +9 broad axe
rCold    + . .     Faith    .   O - +2 tower shield
rNeg     + . .     Spirit   .   D - +4 plate armour {rPois}
rPois    +         Reflect  +   y - +2 helmet
rElec    +         Harm     .   H - scarf {rC+ rF+}
rCorr    .                      N - +0 pair of gloves
MR       ++...                  (no boots)
Stlth    ..........             h - amulet of reflection
HPRegen  0.00/turn              E - ring "Qathae Vuown" {*Slow rElec rF+ Dex+6 SInv}
MPRegen  0.09/turn              u - +4 ring of evasion

@: non-regenerating, slowed, lightly drained, very slow
A: damage resistance, heal wounds, negative energy resistance 1, sense
surroundings 2, weak 1, no regeneration
}: 2/15 runes: decaying, gossamer
a: Heal Wounds, Minor Destruction, Lesser Servant of Makhleb, Major Destruction,
Greater Servant of Makhleb, Renounce Religion


You were on level 3 of the Depths.
You worshipped Makhleb.
Makhleb was exalted by your worship.
You visited 7 branches of the dungeon, and saw 33 of its levels.
You also visited: Gauntlet.

You collected 1716 gold pieces.
You spent 1516 gold pieces at shops.

Inventory:

Hand Weapons
 a - a +9 broad axe (weapon)
 f - the +9 hand axe "Ituim" {vorpal, +Blink +Rage rF+++ Dex-4}
   (You found it in a Gauntlet)

   It inflicts extra damage upon your enemies.
   It affects your dexterity (-4).
   It renders you almost immune to fire.
   It lets you blink.
   It lets you go berserk.
Missiles
 L - a throwing net (quivered)
Armour
 y - a +2 helmet (worn)
 D - a +4 plate armour of poison resistance (worn)
 H - a scarf of resistance (worn)
 N - a +0 pair of gloves (worn)
 O - a +2 tower shield (worn)
Jewellery
 h - an amulet of reflection (around neck)
 u - a +4 ring of evasion (right hand)
 E - the ring "Qathae Vuown" (left hand) {*Slow rElec rF+ Dex+6 SInv}
   (You found it in a Gauntlet)

   [ring of dexterity]

   It affects your dexterity (+6).
   It protects you from fire.
   It insulates you from electricity.
   It lets you see invisible.
   It may slow you when you take damage.
 M - the ring "Qiacyck" {rF+ MR+ Str+3}
   (You bought it in a shop on level 5 of the Dungeon)

   [ring of protection from fire]

   It affects your strength (+3).
   It protects you from fire.
   It affects your resistance to hostile enchantments.
Wands
 o - a wand of polymorph (40)
 p - a wand of iceblast (6) {@v2}
 r - a wand of paralysis (16)
 v - a wand of digging (3) {@v3}
 I - a wand of acid (5) {@v1}
Scrolls
 b - 9 scrolls of remove curse {@r2}
 m - 11 scrolls of enchant weapon
 t - 2 scrolls of immolation {@r4}
 w - 9 scrolls of identify {@r1}
 x - 2 scrolls of blinking
 z - 4 scrolls of teleportation {@r3}
 A - 4 scrolls of magic mapping {@r5}
 B - 2 scrolls of fog
 K - 2 scrolls of summoning
Potions
 d - 9 potions of might {@q3}
 e - 2 potions of curing {@q1}
 g - 4 potions of stabbing {@q5}
 i - a potion of cancellation
 j - a potion of magic {unknown}
 k - a potion of flight
 l - 6 potions of heal wounds {@q2}
 n - a potion of lignification {@q7}
 q - 3 potions of invisibility
 s - 5 potions of ambrosia
 F - 5 potions of haste {@q4}
 G - 4 potions of mutation
Miscellaneous
 C - a lightning rod (4/4)
 J - a tin of tremorstones (3/3)


   Skills:
 * Level 13.6(13.3) Fighting
 * Level 16.8(16.4) Axes
 + Level 12.7(12.4) Armour
 + Level 12.7(12.3) Shields
 * Level 12.5(12.1) Invocations
 + Level 9.1(8.7) Evocations


You had 15 spell levels left.
You didn't know any spells.
Your spell library was empty.

Dungeon Overview and Level Annotations

Branches:
Dungeon (15/15)            Temple (1/1) D:6            Lair (4/6) D:10
  Swamp (4/4) Lair:2       Spider (4/4) Lair:4          Orc (2/2) D:10
    Elf (0/3) Orc:2        Vaults (0/5) D:14         Depths (3/5) D:15
Gauntlet (visited)

Altars:
Ashenzari
Cheibriados
Dithmenos
Elyvilon
Fedhas
Gozag
Hepliaklqana
Kikubaaqudgha
Makhleb
Nemelex Xobeh
Okawaru
Qazlal
Ru
Sif Muna
Trog
Uskayaw
Vehumet
Wu Jian
Xom
Yredelemnul
Zin
The Shining One
Beogh

Shops:
D:5 =!(=*   D:13 (   Orc:2 *?

Portals:
Abyss: Swamp:4

Annotations:
D:11 3 runed translucent doors, Lanoc's ghost, novice FeDe
D:13 1 runed translucent door
D:14 2 transporters, Umoegal's ghost, journeyman TrTm
Swamp:4 2 transporters, p0werm0de's ghost, journeyman DDFi


Innate Abilities, Weirdness & Mutations

You are resistant to damage.
You can heal yourself by infusing magical energy.
You resist negative energy. (rN+)
You passively map the area around you.
You do not regenerate.
You are weak. (Str -2)


Message History

You are too injured to fight recklessly!
You are too injured to fight recklessly!
You are too injured to fight recklessly!
You are too injured to fight recklessly!
You are too injured to fight recklessly!
You are too injured to fight recklessly!
You are too injured to fight recklessly!
You are too injured to fight recklessly!
You are too injured to fight recklessly!
You are too injured to fight recklessly!
You are too injured to fight recklessly!
You are too injured to fight recklessly!
You are too injured to fight recklessly!
You are too injured to fight recklessly!
You are too injured to fight recklessly!
You are too injured to fight recklessly!
You are too injured to fight recklessly!
You are too injured to fight recklessly!
You are too injured to fight recklessly!
You are too injured to fight recklessly!
You are too injured to fight recklessly!
You are too injured to fight recklessly!
You are too injured to fight recklessly!
You are too injured to fight recklessly!
You are too injured to fight recklessly!
Your magical essence is drained by the effort!
You feel much better. You block the spark wasp's attack.
You block the warg's attack.
The spark wasp stings you but does no damage.
The raiju closely misses you. You block the spark wasp's attack.
The soul eater hits you. You partially resist.
You feel drained. You block the warg's attack. The spark wasp stings you!!
The spark wasp shocks you. You resist. You block the raiju's attack.
You open the door. You block the spark wasp's attack. x2
You block the warg's attack.
The spark wasp stings you but does no damage.
The soul eater hits you but does no damage.
The spark wasp stings you but does no damage.
You block the raiju's attack. The warg bites you. The spark wasp stings you!
* * * LOW HITPOINT WARNING * * *
The spark wasp shocks you. You resist. You block the soul eater's attack.
Found a stone staircase leading up.
You feel much better. The spark wasp stings you! The spark wasp shocks you.
You resist. You block the spark wasp's attack. You block the warg's attack.
The raiju bites you but does no damage. You block the spark wasp's attack.
The soul eater draws from the surrounding life force!
The soul eater is healed.
The spark wasp closely misses you. You block the warg's attack.
The spark wasp stings you but does no damage.
You hit the raiju.
The raiju is moderately wounded.
You hit the spark wasp but do no damage.
You slash the spark wasp! You slice the warg!! You slash the soul eater!
You block the spark wasp's attack.
The soul eater draws from the surrounding life force!
The soul eater is healed.
You block the warg's attack. The spark wasp completely misses you.
The raiju bites you! The raiju shocks you. You resist.
The spark wasp barely misses you.
The soul eater draws from the surrounding life force!
The soul eater is healed.
Your magical essence is drained by the effort!
You feel much better. You block the spark wasp's attack.
You block the warg's attack. You block the spark wasp's attack.
The spark wasp stings you! The spark wasp shocks you. You resist.
You block the raiju's attack. The warg barely misses you. x2
The spark wasp closely misses you. The soul eater hits you!
* * * LOW HITPOINT WARNING * * *
You partially resist.
You feel drained. The spark wasp stings you!
* * * LOW HITPOINT WARNING * * *
The spark wasp shocks you. You resist.
* * * LOW HITPOINT WARNING * * *
The raiju bites you but does no damage.
You slash the raiju!
The raiju is severely wounded.
You slash the warg! You slash the soul eater! You closely miss the warg.
Your shield prevents you from hitting the spark wasp.
You slash the spark wasp! The spark wasp stings you!
* * * LOW HITPOINT WARNING * * *
The spark wasp shocks you. You resist.
* * * LOW HITPOINT WARNING * * *
The warg bites you. You block the warg's attack.
You block the spark wasp's attack. The soul eater hits you!
* * * LOW HITPOINT WARNING * * *
The spark wasp completely misses you.
The warg bites you but does no damage. x2
The raiju bites you. The raiju shocks you. You resist.
The spark wasp stings you!
* * * LOW HITPOINT WARNING * * *
The spark wasp shocks you. You resist.
You fail to use your ability.
You block the spark wasp's attack. The warg bites you but does no damage.
You block the warg's attack. You block the spark wasp's attack.
You block the soul eater's attack. The spark wasp stings you.
* * * LOW HITPOINT WARNING * * *
The spark wasp shocks you. You resist.
* * * LOW HITPOINT WARNING * * *
The raiju bites you but does no damage. The warg bites you!
* * * LOW HITPOINT WARNING * * *
The warg bites you. The spark wasp closely misses you.
The soul eater draws from the surrounding life force!
You die...

### #.# #<# #.#
** *
########h#######
* ** * ,
.....hhy@hZ.....
,, , ,
.....hhyh3......,
, , ,,,
≈≈....hhW.......,
, ,
≈≈≈≈≈........###
* * *
≈≈##≈≈≈....### ,
* * ≈ ≈
≈##≈≈≈≈###** ≈ ≈
≈≈ ≈ ≈≈≈≈≈≈* *≈
≈≈≈ ≈ ≈≈ ≈##≈≈≈≈
≈ ≈ ≈ ≈ ≈ ≈ ≈ ≈
≈*


You could see 2 spark wasps, a soul eater, a shadow wraith (invisible), a raiju,
3 wargs, a hell hound, 4 wolves and an anaconda simulacrum.

Vanquished Creatures
  3 ghost moths (Spider:4)
  9 emperor scorpions
  Louise (D:15)
  Azrael (Spider:3)
  2 spark wasps
  A great orb of eyes (Depths:2)
  A fire dragon (Swamp:4)
  4 hydras
  Erolcha (Orc:1)
  A rakshasa (D:14)
  A vault guard (D:14)
  Erica (Orc:1)
  11 two-headed ogres
  2 tengu warriors
  2 centaur warriors
  A queen ant (Gauntlet)
  4 alligators (Swamp:1)
  2 death yaks (Lair:2)
  An ogre mage (Depths:1)
  A spriggan berserker (Depths:3)
  A sun demon (Orc:2)
  The ghost of Sapher the Covert, a novice OpTm of Makhleb (Lair:2)
  A shadow wraith (Depths:3)
  2 unseen horrors
  A wizard (D:15)
  2 swamp dragons
  2 orc knights (Orc:2)
  A phantasmal warrior (Depths:3)
  A lindwurm (Swamp:4)
  9 wolf spiders
  13 orb spiders
  A lindwurm (shapeshifter) (D:15)
  An orc sorcerer (Orc:1)
  4 cyclopes
  2 deep elf magi
  10 ugly things
  A manticore (D:15)
  A salamander (shapeshifter) (D:15)
  2 moths of wrath
  A cane toad (shapeshifter) (D:15)
  An apocalypse crab (Gauntlet)
  A gargoyle (D:15)
  A rime drake (Lair:4)
  6 cane toads
  2 kobold demonologists (D:13)
  3 komodo dragons
  5 demonic crawlers
  A tengu conjurer (D:14)
  A hellwing (Orc:2)
  4 trolls
  5 tyrant leeches
  13 jumping spiders
  5 slime creatures
  2 raiju (Depths:3)
  9 hornets
  5 hippogriffs
  A bog body (Lair:2)
  2 shadows (D:14)
  31 redbacks
  3 fire elementals
  27 yaks
  2 wyverns
  A basilisk (D:12)
  13 tarantellas
  A steam dragon (Swamp:4)
  A wraith (D:12)
  4 vampire mosquitoes
  11 humans (D:14)
  Edmund (D:4)
  A chaos spawn (Gauntlet)
  5 soldier ants (Gauntlet)
  3 wargs (Depths:3)
  5 swamp worms
  Duvessa (D:6)
  5 hell hounds
  5 water moccasins
  4 porcupines
  3 black bears
  2 hornet zombies
  7 swamp drakes
  A swamp drake (shapeshifter) (D:15)
  11 ogres
  3 sky beasts
  4 eyes of draining
  3 boggarts (D:15)
  22 orc warriors
  5 wolves
  3 ice beasts
  2 phantoms
  4 centaurs
  5 crocodiles
  A big kobold (shapeshifter) (D:15)
  4 big kobolds
  20 bullfrogs
  3 wyvern zombies
  A water moccasin zombie (D:12)
  Dowan (D:6)
  A scorpion (D:11)
  6 killer bees (D:10)
  A wight (D:8)
  2 howler monkeys
  2 electric eels
  2 bullfrog zombies
  2 quasits (D:13)
  A centaur zombie (D:8)
  2 jellies
  2 hounds
  16 orc priests
  An iguana (D:11)
  5 bullfrog skeletons
  4 centaur skeletons
  12 orc wizards
  13 worker ants
  A killer bee zombie (D:7)
  A howler monkey zombie (D:9)
  17 gnolls
  A howler monkey skeleton (D:11)
  13 adders
  3 shadow imps
  A white imp (D:6)
  An ufetubus (D:10)
  2 oozes
  An adder zombie (D:9)
  A dart slug (shapeshifter) (D:15)
  A dart slug (D:3)
  4 leopard geckos
  70 orcs
  3 giant cockroaches
  23 hobgoblins
  9 jackals
  20 kobolds
  5 quokkas
  A ball python (D:3)
  6 bats
  5 frilled lizards
  34 goblins
  A jackal skeleton (D:4)
  A jackal zombie (D:5)
  A leopard gecko zombie (D:7)
  3 rats
704 creatures vanquished.

Vanquished Creatures (collateral kills)
  Aizul (Spider:2)
  A ghost moth (Spider:3)
  An entropy weaver (Spider:4)
  A minotaur (Gauntlet)
  A fire dragon (Swamp:4)
  6 hydras
  2 death yaks (Lair:2)
  A swamp dragon (Swamp:4)
  3 wolf spiders
  An orb spider (Spider:4)
  A demonic crawler (Spider:3)
  A jumping spider (Spider:4)
  5 tarantellas
  6 redbacks (Spider:4)
  A yak (D:14)
  An insubstantial wisp (Swamp:4)
  4 orc warriors (Orc:2)
  An ogre (Orc:2)
  2 swamp drakes (Swamp:4)
  An electric eel (Spider:4)
  An orc wizard (Orc:2)
  3 orc priests (Orc:2)
  14 orcs (Orc:2)
59 creatures vanquished.

Vanquished Creatures (others)
  A hydra (Swamp:4)
  A lindwurm (Swamp:4)
  A swamp dragon (Swamp:4)
  2 swamp drakes (Swamp:4)
  A wolf (Depths:3)
  A kobold (D:8)
  A demonic plant (Gauntlet)
  23 fungi
  35 plants
66 creatures vanquished.

Grand Total: 829 creatures vanquished

Notes
Turn   | Place    | Note
-------+----------+-------------------------------------------
     0 | D:1      | EnegeticOcto the Deep Dwarf Fighter began the quest for the
                  | Orb.
     0 | D:1      | Reached XP level 1. HP: 20/20 MP: 1/1
   133 | D:4      | Reached XP level 2. HP: 27/27 MP: 2/2
   157 | D:4      | Found a blossoming altar of Fedhas.
   167 | D:4      | Noticed a howler monkey
   168 | D:4      | Noticed Edmund
   179 | D:4      | Killed a howler monkey
   179 | D:4      | Reached skill level 3 in Axes
   179 | D:4      | Reached XP level 3. HP: 16/34 MP: 3/3
   189 | D:4      | Reached XP level 4. HP: 22/42 MP: 4/4
   197 | D:4      | Killed Edmund
   197 | D:4      | Reached skill level 4 in Axes
   197 | D:4      | Reached XP level 5. HP: 39/49 MP: 5/5
   316 | D:4      | Reached XP level 6. HP: 44/56 MP: 6/6
   434 | D:4      | Reached skill level 5 in Axes
   715 | D:4      | Reached XP level 7. HP: 28/64 MP: 6/6
   999 | D:4      | Reached skill level 5 in Shields
  1100 | D:4      | Reached skill level 5 in Armour
  1195 | D:5      | Entered Level 5 of the Dungeon
  1195 | D:5      | Found Jerud's Jewellery Boutique.
  1206 | D:5      | Found Ejypics's Assorted Antiques.
  1225 | D:5      | Reached skill level 6 in Axes
  1231 | D:5      | Bought a scroll labeled KEADIUREE for 25 gold pieces
  1231 | D:5      | Bought a scroll labeled HORGHI ESACULY for 25 gold pieces
  1262 | D:5      | Found Bocin's Antique Weapon Boutique.
  1269 | D:5      | Found Aroafig's Distillery.
  1272 | D:5      | Found Nodyomap's Jewellery Boutique.
  1303 | D:5      | Found a glowing golden altar of the Shining One.
  1975 | D:6      | Found a staircase to the Ecumenical Temple.
  2000 | Temple   | Entered the Ecumenical Temple
  2213 | D:2      | Reached XP level 8. HP: 64/73 MP: 6/6
  2829 | D:3      | Found an ornate altar of the Wu Jian Council.
  3062 | D:3      | Reached skill level 7 in Axes
  3251 | D:6      | Noticed a hornet
  3257 | D:6      | Paralysed by a hornet for 1 turns
  3262 | D:6      | Paralysed by a hornet for 1 turns
  3278 | D:6      | Killed a hornet
  3295 | D:6      | Reached skill level 5 in Fighting
  3485 | D:6      | Reached skill level 8 in Axes
  3498 | D:6      | Found a sacrificial altar of Ru.
  3521 | D:6      | Noticed Dowan
  3521 | D:6      | Noticed Duvessa
  3527 | D:6      | Killed Dowan
  3542 | D:6      | Killed Duvessa
  3886 | D:7      | Gained mutation: You passively map the area around you.
                  | [Deep Dwarf growth]
  3886 | D:7      | Reached XP level 9. HP: 53/81 MP: 6/6
  3963 | D:7      | Found a bloodstained altar of Trog.
  4056 | D:7      | Found a white marble altar of Elyvilon.
  4592 | D:8      | Reached skill level 9 in Axes
  4783 | D:8      | Found a hazy altar of Hepliaklqana.
  5204 | D:8      | Found a shimmering blue altar of Sif Muna.
  5205 | D:8      | Found a burning altar of Makhleb.
  5259 | D:9      | Found a radiant altar of Vehumet.
  5365 | D:9      | Found a shadowy altar of Dithmenos.
  5394 | D:9      | Reached skill level 10 in Axes
  5792 | D:9      | Reached XP level 10. HP: 53/92 MP: 7/7
  5978 | D:8      | Became a worshipper of Makhleb the Destroyer
  6163 | D:10     | Entered Level 10 of the Dungeon
  6163 | D:10     | Noticed a cyclops
  6181 | D:10     | Killed a cyclops
  6181 | D:10     | Reached skill level 1 in Invocations
  6309 | D:10     | Reached * piety under Makhleb
  6363 | D:10     | Noticed a two-headed ogre
  6385 | D:10     | Killed a two-headed ogre
  6385 | D:10     | Reached skill level 11 in Axes
  6477 | D:10     | Found a staircase to the Orcish Mines.
  6493 | D:10     | Found a staircase to the Lair.
  6528 | D:10     | Noticed a cyclops
  6534 | D:10     | Killed a cyclops
  6665 | D:11     | Reached ** piety under Makhleb
  6677 | D:11     | Reached XP level 11. HP: 62/103 MP: 2/9
  6812 | D:11     | Paralysed by a hornet for 1 turns
  6883 | D:11     | Found a runed translucent gate.
  6883 | D:11     | Found a runed translucent gate.
  7014 | D:11     | Found a runed translucent gate.
  7016 | D:11     | Noticed Lanoc's ghost (novice FeDe)
  7250 | D:11     | Noticed a two-headed ogre
  7260 | D:11     | Killed a two-headed ogre
  7390 | D:11     | Reached *** piety under Makhleb
  7418 | D:11     | Reached skill level 12 in Axes
  7721 | D:12     | Reached skill level 5 in Invocations
  8049 | D:12     | Killed an unseen horror
  8049 | D:12     | Reached **** piety under Makhleb
  8364 | D:13     | Noticed a deep elf mage
  8479 | Orc:1    | Entered Level 1 of the Orcish Mines
  8549 | Orc:1    | Noticed an orc sorcerer
  8551 | Orc:1    | Noticed Erica
  8567 | Orc:1    | Killed an orc sorcerer
  8594 | Orc:1    | Killed Erica
  8709 | Orc:2    | Entered Level 2 of the Orcish Mines
  8717 | Orc:2    | Found a staircase to the Elven Halls.
  8722 | Orc:2    | Found a roughly hewn altar of Beogh.
  8767 | Orc:1    | Noticed Erolcha
  8776 | Orc:1    | Killed Erolcha
  8776 | Orc:1    | Reached XP level 12. HP: 70/114 MP: 10/10
  9163 | Orc:2    | Found Vuqosi's Magic Scroll Emporium.
  9164 | Orc:2    | Found Obenia's General Store.
  9207 | Orc:2    | Reached ***** piety under Makhleb
  9288 | Orc:2    | Reached skill level 13 in Axes
  9300 | Orc:2    | Bought a scroll of enchant weapon for 97 gold pieces
  9300 | Orc:2    | Bought a scroll of magic mapping for 45 gold pieces
  9302 | Orc:2    | Bought a scroll of enchant armour for 112 gold pieces
  9302 | Orc:2    | Bought a scroll of enchant weapon for 112 gold pieces
  9302 | Orc:2    | Bought a scroll of magic mapping for 52 gold pieces
  9302 | Orc:2    | Bought a scroll of enchant weapon for 112 gold pieces
  9302 | Orc:2    | Bought a scroll of magic mapping for 52 gold pieces
  9721 | Lair:1   | Entered Level 1 of the Lair of Beasts
  9741 | Lair:1   | Reached skill level 10 in Armour
  9741 | Lair:1   | Reached skill level 10 in Shields
  9836 | Lair:2   | Noticed a six-headed hydra
  9857 | Lair:2   | Killed a 13-headed hydra
  9885 | Lair:2   | Noticed a death yak
  9885 | Lair:2   | Noticed a death yak
  9886 | Lair:2   | Noticed a death yak
  9887 | Lair:2   | Noticed a death yak
  9906 | Lair:2   | Killed a death yak
  9912 | Lair:2   | Killed a death yak
  9912 | Lair:2   | Reached skill level 10 in Fighting
  9919 | Lair:2   | Killed a death yak
  9927 | Lair:2   | Killed a death yak
 10210 | Lair:2   | Found a staircase to the Swamp.
 10411 | Lair:2   | Found a runed translucent gate.
 10411 | Lair:2   | Found a runed translucent gate.
 10411 | Lair:2   | Found a runed translucent gate.
 10412 | Lair:2   | Noticed a 12-headed hydra
 10413 | Lair:2   | Noticed Sapher's ghost (novice OpTm)
 10531 | Lair:2   | Killed a 12-headed hydra
 10542 | Lair:2   | Killed Sapher's ghost
 11738 | Lair:4   | Found a gate leading to a gauntlet.
 11742 | Lair:4   | Found a hole to the Spider Nest.
 11746 | Gauntlet | Entered a Gauntlet
 11746 | Gauntlet | Found a transporter.
 11746 | Gauntlet | Found a runed translucent door.
 11746 | Gauntlet | Found a transporter.
 11746 | Gauntlet | Found a transporter.
 11746 | Gauntlet | Found a runed translucent door.
 11746 | Gauntlet | Noticed a queen ant
 11747 | Gauntlet | Found a transporter.
 11748 | Gauntlet | Found a transporter.
 11751 | Gauntlet | Found a transporter.
 11758 | Gauntlet | Found the ring of the Octopus King
 11759 | Gauntlet | Found a transporter.
 11760 | Gauntlet | Found a transporter.
 11761 | Gauntlet | Found a transporter.
 11762 | Gauntlet | Found a transporter.
 11765 | Gauntlet | Identified the ring "Zofuj" {+Inv rElec rF++ Str-4 SInv}
 11770 | Gauntlet | Found a transporter.
 11773 | Gauntlet | Found a transporter.
 11958 | Gauntlet | Killed a queen ant
 11973 | Gauntlet | Identified the +9 hand axe "Ituim" {vorpal, +Blink +Rage
                  | rF+++ Dex-4} (You found it in a Gauntlet)
 11984 | Gauntlet | Gained mutation: You are weak. (Str -2) [a neqoxec]
 11991 | Gauntlet | Got a ring of the Octopus King
 11995 | Gauntlet | Paralysed by a chaos spawn for 6 turns
 12008 | Gauntlet | Identified a ring of the Octopus King {Wiz AC+1 EV+1 Str+1
                  | Int+1 Dex+1} (You found it in a Gauntlet)
 12020 | Gauntlet | Got a transparent iron ring
 12064 | Gauntlet | Identified the ring "Qathae Vuown" {*Slow rElec rF+ Dex+6
                  | SInv} (You found it in a Gauntlet)
 12095 | Gauntlet | Noticed a minotaur
 12103 | Gauntlet | Killed a minotaur
 12103 | Gauntlet | Reached XP level 13. HP: 78/124 MP: 10/10
 12109 | Gauntlet | Identified the Handbook of Conjuration and Lightness
 12212 | Lair:4   | Reached skill level 14 in Axes
 12569 | Spider:1 | Entered Level 1 of the Spider Nest
 12581 | Spider:1 | Reached skill level 1 in Evocations
 12625 | Spider:2 | Noticed Aizul
 12655 | Spider:2 | Killed Aizul
 12766 | Spider:3 | Noticed an emperor scorpion
 12947 | Spider:3 | Noticed an emperor scorpion
 12969 | Spider:3 | Noticed an emperor scorpion
 12974 | Spider:3 | Killed an emperor scorpion
 12992 | Spider:3 | Killed an emperor scorpion
 13001 | Spider:3 | Noticed Azrael
 13007 | Spider:3 | Killed an emperor scorpion
 13021 | Spider:3 | Gained mutation: You resist negative energy. (rN+) [Deep
                  | Dwarf growth]
 13021 | Spider:3 | Reached XP level 14. HP: 135/135 MP: 10/10
 13025 | Spider:3 | Killed Azrael
 13075 | Spider:3 | Reached skill level 15 in Axes
 13093 | Spider:3 | Killed a ghost moth
 13093 | Spider:3 | Reached skill level 5 in Evocations
 13117 | Spider:4 | Entered Level 4 of the Spider Nest
 13174 | Spider:4 | Reached skill level 10 in Invocations
 13214 | Spider:4 | Noticed an entropy weaver
 13229 | Spider:4 | Killed an entropy weaver
 13303 | Spider:4 | Killed a ghost moth
 13362 | Spider:4 | Noticed an emperor scorpion
 13384 | Spider:4 | Killed a ghost moth
 13401 | Spider:4 | Killed an emperor scorpion
 13416 | Spider:4 | Noticed an emperor scorpion
 13416 | Spider:4 | Noticed an emperor scorpion
 13416 | Spider:4 | Noticed an emperor scorpion
 13416 | Spider:4 | Noticed an emperor scorpion
 13418 | Spider:4 | Noticed an emperor scorpion
 13430 | Spider:4 | Killed an emperor scorpion
 13453 | Spider:4 | Killed an emperor scorpion
 13462 | Spider:4 | Killed a ghost moth
 13462 | Spider:4 | Killed an emperor scorpion
 13476 | Spider:4 | Killed an emperor scorpion
 13476 | Spider:4 | Killed an emperor scorpion
 13494 | Spider:4 | Got a gossamer rune of Zot
 13681 | Swamp:1  | Entered Level 1 of the Swamp
 13696 | Swamp:1  | Reached XP level 15. HP: 120/146 MP: 10/10
 13946 | Swamp:4  | Entered Level 4 of the Swamp
 13965 | Swamp:4  | Found a one-way gate to the infinite horrors of the Abyss.
 13965 | Swamp:4  | Noticed a Hell Sentinel
 13965 | Swamp:4  | Noticed p0werm0de's ghost (journeyman DDFi)
 13982 | Swamp:4  | Identified the +3 quarterstaff of the Coward {distort, rC+
                  | MP+9 Str-3 SInv}
 13986 | Swamp:4  | Found a transporter.
 14024 | Swamp:4  | Found a transporter.
 14150 | Swamp:4  | Reached skill level 16 in Axes
 14234 | Swamp:4  | Got a decaying rune of Zot
 14588 | D:5      | Bought the ring "Qiacyck" {rF+ MR+ Str+3} for 614 gold
                  | pieces
 14595 | D:5      | Bought a potion of haste for 150 gold pieces
 14595 | D:5      | Bought a potion of invisibility for 120 gold pieces
 14914 | D:13     | Found Vafast's Antique Weapon Emporium.
 15039 | D:13     | Found a runed translucent door.
 15039 | D:13     | Noticed a sphinx
 15039 | D:13     | Noticed a frost giant
 15041 | D:13     | Noticed a storm dragon
 15041 | D:13     | Noticed a frost giant
 15041 | D:13     | Noticed a tengu reaver
 15299 | D:14     | Found a gate to the Vaults.
 15387 | D:14     | Identified the +10 plate armour "Joph" {*Slow rElec rN+
                  | rCorr} (You found it on level 14 of the Dungeon)
 15415 | D:14     | Found a transporter.
 15415 | D:14     | Noticed Umoegal's ghost (journeyman TrTm)
 15425 | D:14     | Found a transporter.
 15503 | D:14     | Found a bloodstained altar of Trog.
 15989 | D:15     | Entered Level 15 of the Dungeon
 16010 | D:15     | Found a sparkling altar of Nemelex Xobeh.
 16122 | D:15     | Noticed Louise
 16140 | D:15     | Killed Louise
 16677 | D:15     | Found a staircase to the Depths.
 16809 | Depths:1 | Entered Level 1 of the Depths
 16832 | Depths:1 | Reached ****** piety under Makhleb
 16839 | Depths:1 | Reached XP level 16. HP: 145/157 MP: 6/6
 16947 | Depths:3 | HP: 2/158 [warg (8)]
 16947 | Depths:3 | Killed from afar by a soul eater

Illustrated notes

Levels and vault maps discovered:
D:1:      co_arrival_random_square_maze, layout_basic, minmay_close_crescents
D:2:      layout_basic
D:3:      layout_loops_cross, nicolae_overflow_crystal_walls, minmay_cut_off
D:4:      minmay_goblin_kobold_castle, layout_basic, old_standard_altar,
          uniq_edmund
D:5:      layout_basic, serial_shops, shop, shop_statue, nicolae_shop_crystal,
          nicolae_shop_statue_plus, shop, minmay_misc_feat_diagonals, tso_altar
D:6:      layout_loops_ring, minmay_temple_entry_arrows, kennysheep_diamond,
          nicolae_ru_awakened_eye, uniq_duvessa
D:7:      layout_loops_ring, lemuel_crystal_altar, basic_altar
D:8:      layout_basic, kennysheep_mini_moat, nicolae_overflow_hidden_temple,
          minmay_manual_mess
D:9:      layout_basic, vehumet_altar_wand_db, nicolae_dithmenos_shadow_blocks
D:10:     layout_roguey, grunt_lair_entry_orc_guard_hut, orc_0_dummy
D:11:     layout_gridville, ebering_ghost_rock_garden, minmay_misc_feat_rugged,
          grunt_ministairs_8
D:12:     layout_cross
D:13:     minmay_gate_of_8, layout_irregular_city, serial_shops,
          nicolae_shop_behind_doors, minivault_14, chequers_garden
D:14:     layout_irregular_city, ximxim_vaults_locker_room,
          lemuel_crystal_altar, gammafunk_ghost_mausoleum
D:15:     gammafunk_enter_depths_forms, layout_irregular_city,
          chequers_mini_garden, nemelex_xobeh_ov_fountains_minmay, uniq_louise
Temple:   cyrus_circular_temple
Lair:1:   layout_roguey, st_stairs_4
Lair:2:   layout_cave_pods, skrybe_swamp_entry_bodies,
          gammafunk_ghost_hydra_chop
Lair:3:   layout_gridlike
Lair:4:   layout_concentric_octagons, spider_nest_entry_a,
          gauntlet_entry_generic, grunt_megastairs_1
Swamp:1:  layout_falls_marsh, hangedman_swamp_cone
Swamp:2:  layout_falls_marsh, serial_swamp_ruin, evilmike_swamp_ruin_house_2,
          hangedman_swamp_ruin_hall, nicolae_swamp_necromancer_hut
Swamp:3:  layout_basic_swamp, evilmike_swamp_ruin_house_6
Swamp:4:  swamp_fiery, layout_basic_swamp, gammafunk_ghost_abyssal_escape,
          infiniplex_staircase_pool
Spider:1: layout_spider_delve, guppyfry_spider_mini_2
Spider:2: layout_spider_delve, nicolae_spider_webbed_stairs, uniq_aizul
Spider:3: layout_spider_delve, portal_ice_cave_entry_pillars_1,
          spiders_nest_the_unseen, uniq_azrael
Spider:4: spider_rune_water
Orc:1:    layout_caves, uniq_erica, uniq_erolcha, uniq_harold
Orc:2:    pf_orc_diabolical, layout_diamond_mine, basic_altar,
          nicolae_orc_lava_tube
Depths:1: layout_gridlike, abyss_entry_flame_altar, hell_entry,
          lemuel_statue_altar, doesnt_xom_only_xom
Depths:2: minmay_connected_boxes_in_corner, layout_long_grid, hell_entry,
          serial_bayou_lagoon_a, infiniplex_staircase_zigzag_3,
          kennysheep_random_hallway
Depths:3: lemuel_river_lethe, serial_shops, pan_entry, hell_entry, abyss_entry

Skill      XL: |  1  2  3  4  5  6  7  8  9 10 11 12 13 14 15 16 |
---------------+-------------------------------------------------+-----
Fighting       | 3 4 5 6 7 9 10 11 12 13 | 13.6
Axes           | 3 4 5 6 8 10 11 12 13 14 15 16 | 16.8
Armour         | 4 5 6 7 8 9 10 11 12 | 12.7
Shields        | 4 5 6 7 8 9 10 11 12 | 12.7
Invocations    | 3 6 8 9 10 12 | 12.5
Evocations     | 4 6 8 9 |  9.1

Action                   |  1- 3 |  4- 6 |  7- 9 | 10-12 | 13-15 | 16-18 || total
-------------------------+-------+-------+-------+-------+-------+-------++-------
Melee: War axe           |    37 |   142 |   485 |   860 |       |       ||  1524
       Broad axe         |       |       |       |    95 |   926 |    52 ||  1073
Invok: Lesser Servant of |       |       |       |     8 |    14 |       ||    22
       Greater Servant o |       |       |       |       |     6 |       ||     6
 Abil: Heal Wounds       |     1 |     3 |    13 |    23 |    34 |     3 ||    77
Evoke: Lightning rod     |       |       |       |     6 |       |       ||     6
       Tin of tremorston |       |       |       |       |     6 |       ||     6
       Wand              |       |       |       |       |     1 |       ||     1
  Use: Scroll            |       |       |    12 |    22 |     7 |       ||    41
       Potion            |       |       |       |       |     5 |       ||     5
 Stab: Distracted        |       |       |       |     5 |    12 |       ||    17
       Confused          |       |       |       |       |     1 |       ||     1
Armor: Scale mail        |    18 |    48 |       |       |       |       ||    66
       Plate armour      |       |    23 |   190 |   349 |   971 |    47 ||  1580
Dodge: Dodged            |    15 |    45 |   112 |   246 |   647 |    25 ||  1090
Block: Kite shield       |    26 |   118 |   466 |   842 |  1253 |       ||  2705
       Reflection        |       |     3 |    18 |    13 |    19 |       ||    53
       Tower shield      |       |       |       |       |    89 |   138 ||   227

Table legend: (Time is in decaauts)
 A = Elapsed time spent in this place.
 B = Non-inter-level travel time spent in this place.
 C = Inter-level travel time spent in this place.
 D = Time resting spent in this place.
 E = Time spent auto-exploring this place.
 F = Levels seen in this place.
 G = Mean time per level.
                   A        B        C        D        E       F      G
               +--------+--------+--------+--------+--------+-----+--------+
         Total |  17022 |  14867 |   2155 |     84 |  10247 |  34 |  500.6 |
       Dungeon |  11253 |   9850 |   1403 |     17 |   7247 |  15 |  750.2 |
        Temple |     59 |     50 |      9 |      0 |     50 |   1 |   59.0 |
          Lair |   2620 |   2296 |    324 |      0 |   1903 |   4 |  655.0 |
         Swamp |    669 |    561 |    108 |      0 |    274 |   4 |  167.2 |
   Spider Nest |   1014 |    849 |    165 |     18 |    154 |   4 |  253.5 |
  Orcish Mines |    898 |    761 |    137 |      0 |    433 |   2 |  449.0 |
        Depths |    132 |    127 |      5 |      5 |     15 |   3 |   44.0 |
      Gauntlet |    373 |    373 |      0 |     44 |    170 |   1 |  373.0 |
               +--------+--------+--------+--------+--------+-----+--------+

Top non-repeatable levels by time:
     D:4: 1169 daAuts
  Lair:2: 1055 daAuts
    D:11: 1037 daAuts
     D:8: 1013 daAuts
     D:9: 954 daAuts
     D:5: 912 daAuts
  Lair:3: 904 daAuts
    D:14: 857 daAuts
    D:12: 798 daAuts
     D:6: 779 daAuts
     D:3: 756 daAuts
    D:15: 754 daAuts
     D:7: 711 daAuts
    D:10: 593 daAuts
  Lair:4: 523 daAuts
